 Dungeon Crawl Stone Soup version 0.29.1-1-gd02db6906a (webtiles) character file.

Game seed: 12903654400321229631

120 Iusername the Covered (level 4, -4/40 HPs)
             Began as a Minotaur Fighter on Oct 6, 2022.
             Slain by a gnoll
             ... wielding a +0 halberd
              (5 damage)
             ... on level 3 of the Dungeon.
             The game lasted 00:02:32 (2521 turns).

Iusername the Covered (Minotaur Fighter)            Turns: 2521, Time: 00:02:32

Health: -4/40      AC:  7    Str: 23    XL:     4   Next: 75%
Magic:  3/3        EV:  5    Int:  5    God:
Gold:   72         SH:  0    Dex:  9    Spells: 3/3 levels left

rFire   . . .      SeeInvis .   a - +0 trident
rCold   . . .      Faith    .   c - +0 buckler
rNeg    . . .      Spirit   .   b - +0 scale mail
rPois   .          Reflect  .   (helmet restricted)
rElec   .          Harm     .   (no cloak)
rCorr   .          Rampage  .   (no gloves)
Will    .....                   (no boots)
Stlth   ..........              (no amulet)
HPRegen 0.13/turn               (no ring)
MPRegen 0.08/turn               (no ring)

@: held
A: horns 2, retaliatory headbutt
a: no special abilities


You were on level 3 of the Dungeon.
You visited 1 branch of the dungeon, and saw 3 of its levels.

You collected 72 gold pieces.

Inventory:

Hand Weapons
 a - a +0 trident (weapon)
Armour
 b - a +0 scale mail (worn)
 c - a +0 buckler (worn)
Wands
 d - a wand of polymorph (2)
Scrolls
 e - a scroll of amnesia {unknown}
 h - a scroll of vulnerability {unknown}
 k - a scroll of teleportation {unknown}
 o - a scroll of fear {unknown}
Potions
 f - a potion of berserk rage {unknown}
 g - a potion of attraction {unknown}
 j - 5 potions of curing {unknown}
 m - a potion of lignification {unknown}
 n - a potion of brilliance {unknown}


   Skills:
 + Level 4.2 Fighting
 + Level 4.4 Polearms
 + Level 4.5 Armour
 + Level 0.2 Dodging
 + Level 4.2 Shields


You had 3 spell levels left.
You didn't know any spells.
Your spell library was empty.

Dungeon Overview and Level Annotations

Branches:
Dungeon (3/15)

Altars:
Elyvilon

Shops:
D:2 *


Innate Abilities, Weirdness & Mutations

You have a pair of horns on your head.
You reflexively headbutt those who attack you in melee.


Message History

You completely miss the gnoll.
The gnoll hits you from afar with a +0 halberd. x2
The gnoll hits you but does no damage.
You barely miss the gnoll. The gnoll barely misses you.
The gnoll hits you but does no damage.
You hit the gnoll.
The gnoll is heavily wounded.
The gnoll barely misses you. You block the gnoll's attack.
The gnoll throws a throwing net.
The throwing net hits you.
You become entangled in the net!
You are held in a net!
You are held in a net!
You are held in a net!
You are held in a net!
You are held in a net!
You are held in a net!
You are held in a net!
You are held in a net!
You are held in a net!
You are held in a net!
You are held in a net!
You are held in a net!
You are held in a net!
Unknown command.
Aiming: Polymorph
Press: ? - help, Shift-Dir - straight line, f - gnoll
Aim: a gnoll, wielding a +0 halberd (will become a frilled lizard, a giant cockroach, or a bat, chance to affect: 57%)
The gnoll resists with significant effort.
The gnoll hits you from afar with a +0 halberd!
The gnoll barely misses you. You furiously retaliate!
You headbutt the gnoll!
You kill the gnoll!
You struggle against the net.
The gnoll hits you from afar with a +0 halberd!
* * * LOW HITPOINT WARNING * * *
Unknown command.
You struggle against the net.
The gnoll hits you with a +3 vorpal flail!
* * * LOW HITPOINT WARNING * * *
x2 The gnoll hits you from afar with a +0 halberd.
You die...

.. .. ##.
...+..#+#####
...#........#
............#
.......g....#
#...g..[.#
#..)@g...#
#........#
#........#
#....(...#
#........#
#........#
######.##### .
######.....#....
+........†..#


You could see 3 gnolls.

Vanquished Creatures
  Jessica (D:2)
  A gnoll (D:3)
  3 adders (D:2)
  A worm (D:2)
  A dart slug (D:1)
  4 ball pythons
  6 endoplasms (D:1)
  3 giant cockroaches
  3 goblins
  7 hobgoblins
  4 kobolds
  4 quokkas
  A bat (D:1)
  4 frilled lizards (D:1)
  8 rats
51 creatures vanquished.

Notes
Turn   | Place    | Note
-------+----------+-------------------------------------------
     0 | D:1      | Iusername the Minotaur Fighter began the quest for the Orb.
     0 | D:1      | Reached XP level 1. HP: 19/19 MP: 0/0
    78 | D:1      | Reached XP level 2. HP: 27/27 MP: 1/1
   494 | D:1      | Reached XP level 3. HP: 29/33 MP: 2/2
   997 | D:2      | Found Lesud's General Store.
  1016 | D:2      | Reached XP level 4. HP: 31/40 MP: 3/3
  1281 | D:2      | Found a faded altar of an unknown god.
  1305 | D:2      | Prayed at the altar of an unknown god.
  1305 | D:2      | Became a worshipper of Elyvilon the Healer
  1305 | D:2      | Reached * piety under Elyvilon
  1306 | D:2      | Fell from the grace of Elyvilon
  1422 | D:2      | Noticed Jessica
  1434 | D:2      | Killed Jessica
  2521 | D:3      | HP: 2/40 [gnoll/+3 vorpal flail (7)]
  2521 | D:3      | Slain by a gnoll

Illustrated notes

Levels and vault maps discovered:
D:1:      wander_arrival_abandoned_jail, layout_loops_ring
D:2:      layout_loops_corners, chequers_ecumenical_altar_island, serial_shops,
          shop, uniq_jessica
D:3:      layout_basic, ebering_ghost_sewer_d, portal_sewer_entry_e, uniq_ijyb,
          uniq_sigmund

Skill      XL: |  1  2  3  4 |
---------------+-------------+-----
Fighting       | 4 |  4.2
Armour         | 4 |  4.5
Shields        | 4 |  4.2
Polearms       | 3 4 |  4.4
Dodging        | |  0.2

Action                   |  1- 3 |  4- 6 || total
-------------------------+-------+-------++-------
Melee: Trident           |    98 |    49 ||   147
       Headbutt          |     9 |     5 ||    14
       Unarmed           |       |     2 ||     2
Invok: Renounce Religion |       |     1 ||     1
Evoke: Wand              |       |     1 ||     1
  Use: Scroll            |       |     3 ||     3
       Potion            |       |     1 ||     1
Armor: Scale mail        |    28 |    16 ||    44
Dodge: Dodged            |    35 |    18 ||    53
Block: Buckler           |     9 |     5 ||    14
